 Dungeon Crawl Stone Soup version 0.26-a0-812-g31a745ddcd (webtiles) character file.

Game seed: 1964767938601026179

4 nicanaca0 the Caller (level 1, -2/13 HPs)
             Began as a Merfolk Summoner on Nov 22, 2020.
             Slain by a kobold
             ... wielding a +0 short sword
              (6 damage)
             ... on level 1 of the Dungeon.
             The game lasted 00:01:51 (284 turns).

nicanaca0 the Caller (Merfolk Summoner)              Turns: 284, Time: 00:01:52

Health: -2/13      AC:  2    Str:  8    XL:     1   Next: 60%
Magic:  1/3        EV: 13    Int: 14    God:
Gold:   0          SH:  0    Dex: 14    Spells: 3/4 levels left

rFire    . . .     SeeInvis .   (no weapon)
rCold    . . .     Faith    .   (no shield)
rNeg     . . .     Spirit   .   a - +0 robe
rPois    .         Reflect  .   (no helmet)
rElec    .         Harm     .   (no cloak)
rCorr    .         Rampage  .   (no gloves)
MR       .....                  (no boots)
Stlth    ++........             (no amulet)
HPRegen  0.04/turn              (no ring)
MPRegen  0.08/turn              (no ring)

@: no status effects
A: change form in water, swift swim, stealthy swim
a: no special abilities


You were on level 1 of the Dungeon.
You visited 1 branch of the dungeon, and saw 1 of its levels.

Inventory:

Armour
 a - a +0 robe (worn)


   Skills:
 + Level 2.8 Dodging
 - Level 2.1 Stealth
 + Level 2.0 Spellcasting
 * Level 4.1 Summonings


You had 3 spell levels left.
You knew the following spells:

 Your Spells              Type           Power        Failure   Level
a - Summon Small Mammal   Summ           ##..         4%          1

Your spell library contained the following spells:

 Spells                   Type           Power        Failure   Level
 Call Imp                 Summ           ##......     7%          2
 Call Canine Familiar     Summ           ##......     13%         3
 Summon Guardian Golem    Hex/Summ       #.......     30%         3
 Summon Ice Beast         Ice/Summ       #.......     69%         4
 Summon Lightning Spire   Summ/Air       #.......     69%         4


Dungeon Overview and Level Annotations

Branches:
Dungeon (1/15)

Altars:


Message History

Your bat closely misses the kobold.
A goblin comes into view. It is wielding a +0 dagger of draining.
The kobold hits your bat with a +0 dagger.
The kobold barely misses you.
Your bat misses the kobold.
You see here a stone.
Your bat misses the kobold.
Your bat hits the kobold but does no damage.
Something closely misses your bat.
Casting: Summon Small Mammal (safe; 4% risk of failure)
Confirm with . or Enter, or press ? or * to list all spells.
The kobold hits your rat with a +0 short sword.
Your rat dies!
Your rat's corpse disappears in a puff of smoke!
You hit the kobold but do no damage.
The kobold hits you with a +0 short sword.
You hit the kobold but do no damage.
The kobold hits you with a +0 short sword.
You closely miss the kobold.
The kobold hits you with a +0 short sword.
You die...

...........#####
##.###b#.#
.........#.....#
#..# #.#.#
#......####.########
#...# ####...#
#.#...#### ##..####
##...#
#.'.<.+rl####.....#
#....#
###...#.r.........#
#.#..#
#####..####.....#
#.###.#..# ### #..#
##....# #.#$..#..#
#@# #### #....#
##...###..# #K#
###.## .........#
##K# #.# ###.......#
###..# ##.#
#......b..# #...##
#ยง.# ..##..bK..#
#.### #.##
.g.....(#.# #.#
###.#
..##....#.###.#
#...# #..b.#.....#
#...#


You could see 2 kobolds.

Vanquished Creatures (collateral kills)
  A giant cockroach (D:1)
  2 bats (D:1)
  A frilled lizard (D:1)
  A goblin (D:1)
  A rat (D:1)
6 creatures vanquished.

Notes
Turn   | Place    | Note
-------+----------+-------------------------------------------
     0 | D:1      | nicanaca0 the Merfolk Summoner began the quest for the Orb.
     0 | D:1      | Reached XP level 1. HP: 13/13 MP: 3/3
   284 | D:1      | Slain by a kobold

Illustrated notes

Levels and vault maps discovered:
D:1:      dpeg_arrival_tiny_h, layout_rooms, minmay_distorted

Action                   || total
-------------------------++-------
Melee: Unarmed           ||     3
 Cast: Summon Small Mamm ||    17
Armor: Robe              ||     2
Dodge: Dodged            ||     4

Table legend: (Time is in decaauts)
 A = Elapsed time spent in this place.
 B = Non-inter-level travel time spent in this place.
 C = Inter-level travel time spent in this place.
 D = Time resting spent in this place.
 E = Time spent auto-exploring this place.
 F = Levels seen in this place.
 G = Mean time per level.
                   A        B        C        D        E       F      G
               +--------+--------+--------+--------+--------+-----+--------+
         Total |    284 |    284 |      0 |     29 |     78 |   1 |  284.0 |
       Dungeon |    284 |    284 |      0 |     29 |     78 |   1 |  284.0 |
               +--------+--------+--------+--------+--------+-----+--------+

Top non-repeatable levels by time:
     D:1: 284 daAuts
